 Dungeon Crawl Stone Soup version 0.31-a0-614-gc85dc1c48c (webtiles) character file.

Game seed: 2412324846138883539

1800314 dcssisdead the Wrestler (level 27, 226/253 (293) HPs)
             Began as a Troll Shapeshifter on Aug 22, 2023.
             Was the Champion of Ru.
             Escaped with the Orb
             ... and 3 runes!
             The game lasted 03:41:39 (61905 turns).

dcssisdead the Wrestler (Troll Shapeshifter)       Turns: 61905, Time: 03:41:39

HP:   226/253 (293) AC: 15    Str: 29    XL:     27
MP:   21/22         EV: 33    Int:  8    God:    Ru [******]
Gold: 5469          SH:  0    Dex: 16    Spells: 18/26 levels left

rFire   + .          .
                       - Unarmed
rCold   + . .        l - melded +8 tower shield {rC+}
rNeg    + . .        I - melded +4 skin of Zhor {*Englaciate rC+++ SInv}
rPois   ∞            u - melded +3 crown of Dyrovepreva {rElec Int+2 SInv}
rElec   +            Z - melded +2 cloak {rCorr}
rCorr   .            (gloves unavailable)
SInv    .            (boots unavailable)
Will    ++++.        z - macabre finger necklace {Finger+ rN+} Stlth
                     J - ring of willpower
HPRegen 1.42/turn    j - ring of protection from cold
MPRegen 0.18/turn    w - ring of protection from fire

%: clarity
@: exhausted, storm-form, flying, studying 2 skills, heavily drained
A: cleaving, insubstantial, flying, large, unfitting armour, (claws 3),
regeneration 1, (shaggy fur 1), (tough skin 1), no stealth, inability to use
devices, hated by all, inability to train armour, no conjurations magic, no
poison magic, no transmutations magic, unskilled 1, (hooves 1), clarity,
(deformed body), strong-willed 1, sense surroundings 1, weak 1, MP-powered wands
0: Orb of Zot
}: 3/15 runes: decaying, serpentine, silver
a: Blinkbolt, Begin Untransformation, Renounce Religion, Draw Out Power, Power
Leap, Apocalypse


You escaped.
You worshipped Ru.
Ru was exalted by your worship.
You were a lightning-filled tempest!
You visited 12 branches of the dungeon, and saw 52 of its levels.
You visited the Abyss 1 time.

You collected 9018 gold pieces.
You spent 3549 gold pieces at shops.

Inventory:

Missiles
 f - 11 silver javelins
 i - 78 large rocks
 v - 25 curare-tipped darts
 F - 18 boomerangs (quivered)
 U - 9 throwing nets
Armour
 l - a +8 tower shield of cold resistance (melded)
 u - the +3 crown of Dyrovepreva (melded) {rElec Int+2 SInv}
   (You found it on level 5 of the Vaults)

   Int+2:     It affects your intelligence (+2).
   rElec:     It insulates you from electricity.
   SInv:      It lets you see invisible.
 I - the +4 skin of Zhor (melded) {*Englaciate rC+++ SInv}
   (You found it on level 8 of the Dungeon)

   *Englaciate: It radiates cold, occasionally slowing all nearby creatures who
   are not resistant to cold.
   rC+++:     It renders you almost immune to cold.
   SInv:      It lets you see invisible.
 Z - a +2 cloak of preservation (melded)
Jewellery
 e - the ring of Qockit {rPois Int+2 Slay+4 Stlth+}
   (You bought it in a shop on level 2 of the Orcish Mines)

   [ring of slaying]

   Int+2:     It affects your intelligence (+2).
   Slay+4:    It affects your accuracy & damage with ranged weapons and melee
   (+4).
   rPois:     It protects you from poison Stlth+: It makes you more stealthy.
 j - a ring of protection from cold (right fist)
 k - an amulet of the acrobat
 w - a ring of protection from fire (on amulet)
 y - a ring of resist corrosion
 z - the macabre finger necklace (around neck) {Finger+ rN+}
   (You bought it in a shop on level 2 of the Orcish Mines)

   [amulet of nothing]

   Finger+:   It enables you to equip an extra ring.
   rN+:       It protects you from negative energy.
 E - the ring "Daevotsi" {rN+ MP+9 Dex+4}
   (You took it off a deep elf death mage on level 3 of the Elven Halls)

   [ring of positive energy]

   Dex+4:     It affects your dexterity (+4).
   rN+:       It protects you from negative energy.
   MP+9:      It affects your magic capacity (+9).
 H - a +4 ring of protection
 J - a ring of willpower (left fist)
 L - a ring of wizardry
 R - an amulet of reflection
 V - a ring of protection from fire
 Y - a ring of willpower
Talismans
 c - a beast talisman
 d - a flux talisman
 o - a maw talisman
 s - a blade talisman
 A - a storm talisman (active)
 T - a granite talisman
 X - a talisman of death
Scrolls
 n - 7 scrolls of revelation
 q - 9 scrolls of blinking
 r - 19 scrolls of teleportation
 t - 10 scrolls of immolation
 C - 13 scrolls of poison
 D - 10 scrolls of fog
 G - 5 scrolls of fear
 P - 8 scrolls of silence
Potions
 a - a potion of resistance
 b - 15 potions of lignification
 g - 8 potions of attraction
 h - 10 potions of haste
 m - 3 potions of magic
 p - 13 potions of mutation
 x - 13 potions of curing
 B - 4 potions of might
 K - 10 potions of heal wounds
 M - 2 potions of berserk rage
 N - 7 potions of enlightenment
 O - 8 potions of cancellation
 Q - 10 potions of brilliance
 S - 6 potions of invisibility
 W - 3 potions of ambrosia


   Skills:
 * Level 20.4 Fighting
 - Level 11.5 Throwing
 - Level 7.8 Dodging
 + Level 18.4 Shields
 + Level 22.1 Unarmed Combat
 - Level 4.0 Translocations
 - Level 3.0 Air Magic
 * Level 21.2 Shapeshifting


You had 18 spell levels left.
You knew the following spells:

 Your Spells              Type           Power      Damage    Failure   Level
a - Apportation           Tloc           12%        N/A       9%          1
b - Lesser Beckoning      Tloc           12%        N/A       13%         2
c - Blink                 Tloc           12%        N/A       13%         2
d - Vhi's Electric Charg  Tloc/Air       10%        N/A       30%         3

Your spell library contained the following spells:

 Spells                   Type           Power      Damage    Failure   Level
 Gell's Gravitas          Tloc           6%         N/A       26%         3
 Teleport Other           Tloc           6%         N/A       26%         3
 Swiftness                Air            4%         N/A       36%         3
 Freeze                   Ice            0%         1d3       41%         1
 Necrotise                Necr           0%         1d4       41%         1
 Sandblast                Erth           0%         2d4       41%         1
 Slow                     Hex            0%         N/A       41%         1
 Portal Projectile        Hex/Tloc       6%         N/A       50%         3
 Scorch                   Fire           0%         2d5       54%         2
 Manifold Assault         Tloc           6%         N/A       63%         4
 Passage of Golubria      Tloc           6%         N/A       63%         4
 Airstrike                Air            2%         2d(1-17)  77%         4
 Confusing Touch          Hex            0%         N/A       78%         3
 Frozen Ramparts          Ice            0%         1d1       78%         3
 Inner Flame              Hex/Fire       0%         N/A       78%         3
 Vampiric Draining        Necr           0%         2d6       78%         3
 Anguish                  Hex/Necr       0%         N/A       99%         4
 Cause Fear               Hex            0%         N/A       99%         4
 Dispel Undead            Necr           0%         3d6       99%         4
 Leda's Liquefaction      Hex/Erth       0%         N/A       99%         4
 Agony                    Necr           0%         N/A       100%        5
 Borgnjor's Vile Clutch   Necr/Erth      0%         N/A       100%        5
 Metabolic Englaciation   Hex/Ice        0%         N/A       100%        5
 Dispersal                Tloc           3%         N/A       100%        6
 Plasma Beam              Fire/Air       1%         2x1d11    100%        6
 Enfeeble                 Hex            0%         N/A       100%        7
 Ozocubu's Refrigeration  Ice            0%         4d7       100%        7
 Borgnjor's Revivificati  Necr           0%         N/A       100%        8
 Discord                  Hex            0%         N/A       100%        8
 Disjunction              Tloc           3%         N/A       100%        8
 Ignition                 Fire           0%         3d3       100%        8
 Death's Door             Necr           0%         N/A       100%        9
 Polar Vortex             Ice            0%         N/A       100%        9
 Shatter                  Erth           0%         3d5*      100%        9
 Shock                    Conj/Air       Unusable   1d3       N/A         1
 Momentum Strike          Conj/Tloc      Unusable   3d8       N/A         2
 Kiss of Death            Conj/Necr      Unusable   2d5       N/A         1
 Magic Dart               Conj           Unusable   1d3       N/A         1
 Summon Small Mammal      Summ           Unusable   N/A       N/A         1
 Cigotuvi's Dreadful Rot  Necr/Pois/Air  Unusable   N/A       N/A         2
 Passwall                 Tmut/Erth      Unusable   N/A       N/A         2
 Searing Ray              Conj           Unusable   2d4       N/A         2
 Sublimation of Blood     Necr           Unusable   N/A       N/A         2
 Call Canine Familiar     Summ           Unusable   N/A       N/A         3
 Hailstorm                Conj/Ice       Unusable   3d3       N/A         3
 Ignite Poison            Fire/Tmut/Pois Unusable   N/A       N/A         3
 Stone Arrow              Conj/Erth      Unusable   3d7       N/A         3
 Tukima's Dance           Hex            Unusable   N/A       N/A         3
 Iskenderun's Mystic Bla  Conj/Tloc      Unusable   2d3       N/A         4
 Animate Dead             Necr           Unusable   N/A       N/A         4
 Flame Wave               Conj/Fire      Unusable   2d4       N/A         4
 Fulminant Prism          Conj/Hex       Unusable   3d5       N/A         4
 Petrify                  Tmut/Erth      Unusable   N/A       N/A         4
 Sticky Flame             Conj/Fire      Unusable   2d3       N/A         4
 Summon Ice Beast         Ice/Summ       Unusable   N/A       N/A         4
 Alistair's Intoxication  Tmut/Pois      Unusable   N/A       N/A         5
 Arcjolt                  Conj/Air       Unusable   1d11      N/A         5
 Fireball                 Conj/Fire      Unusable   3d3       N/A         5
 Yara's Violent Unravell  Hex/Tmut       Unusable   3d3       N/A         5
 Death Channel            Necr           Unusable   N/A       N/A         6
 Simulacrum               Ice/Necr       Unusable   N/A       N/A         6
 Summon Cactus Giant      Summ           Unusable   N/A       N/A         6
 Haunt                    Necr/Summ      Unusable   N/A       N/A         7
 Infestation              Necr           Unusable   N/A       N/A         8
 Chain Lightning          Conj/Air       Unusable   3d1       N/A         9
 Fire Storm               Conj/Fire      Unusable   5d1       N/A         9

Dungeon Overview and Level Annotations

Branches:
Dungeon (15/15)            Temple (1/1) D:4            Lair (5/5) D:9
  Swamp (4/4) Lair:2        Snake (4/4) Lair:3        Slime (0/5) Lair:5
    Orc (2/2) D:9             Elf (3/3) Orc:2        Vaults (5/5) D:13
  Crypt (3/3) Vaults:2       Tomb (0/3) Crypt:3      Depths (4/4) D:15
   Hell (visited)             Dis (0/7) Hell            Geh (0/7) Hell
    Coc (0/7) Hell            Tar (0/7) Hell            Zot (5/5) Depths:4

Altars:
Ashenzari
Cheibriados
Dithmenos
Elyvilon
Gozag
Kikubaaqudgha
Makhleb
Nemelex Xobeh
Okawaru
Qazlal
Ru
Sif Muna
Trog
Uskayaw
Vehumet
Wu Jian
Xom
Zin
The Shining One
Lugonu

Shops:
D:11 ***?((   Orc:2 *=[(   Elf:1 :   Elf:2 ?   Elf:3 [   Snake:4 =   Vaults:2 !
Vaults:4 ?   Vaults:5 (   Depths:4 (

Portals:
Hell: Depths:1 Depths:2 Depths:3 Depths:4
Abyss: Depths:2 Depths:3
Pandemonium: Depths:2 Depths:3
Ziggurat: Depths:3

Annotations:
Zot:5 1 exclusion


Innate Abilities, Weirdness & Mutations

You are a lightning-filled tempest!
Your electrical attacks strike out in all directions at once.
You are incredibly evasive.
Your insubstantial body is immune to petrification, constriction, and being set on fire You are flying.
Your armour is entirely melded.
You are incapable of wielding weapons or throwing items.
You are too large for most types of armour.
You are immune to poison.
((You have claws for hands.))
Your natural rate of healing is unusually fast.
((You are covered in fur. (AC +1)))
((You have tough skin. (AC +1)))
You cannot be stealthy.
You cannot study or use magical devices.
You are hated by all.
You cannot train Armour skill.
You cannot study or cast Conjurations magic.
You cannot study or cast Poison magic.
You cannot study or cast Transmutations magic.
You are somewhat unskilled. (-1 Apt)
((You have large cloven feet.))
You possess an exceptional clarity of mind.
((Armour fits poorly on your strangely shaped body.))
You are strong-willed. (Will+)
You passively map a small area around you.
You are weak. (Str -2)
You expend magic power (3 MP) to strengthen your wands.


Message History

Something smites you!
You can't go up here!
You blast the sun demon!!!
You kill the sun demon!
A sun demon comes into view.
The sun demon shouts!
The balrug gestures at you. The sticky flame misses you.
The balrug begins to attack, but is stunned by your conviction!
You blast the balrug!!!!
You kill the balrug!
You batter the sun demon!!
The sun demon is severely wounded.
You blast the sun demon!!!
You kill the sun demon!
No target in view!
You see here a +1 demon whip of venom.
A green death comes into view.
The green death roars!
There is a stone staircase leading up here.
You fly upwards.
There is a stone staircase leading down here.
Unknown command.
There is a stone staircase leading up here.
You fly upwards.
There is a stone staircase leading down here.
You see here a +0 leather armour.
There is an open door here.
A neqoxec comes into view.
Activating: Apocalypse
Press: ? - help, Dir - look around, f - activate You reveal the great annihilating truth to your foes!
You kill the neqoxec!
You feel drained.
You see here a +0 short sword.
A ynoxinul comes into view.
The ynoxinul gestures at you. The entropic shot hits you!!
There is a staircase leading out of the dungeon here.
You have escaped!

#...........## #.......
#.#.......♣..## #.......
#..♣♣..P.....P####.......
##...P.........##.)......
#♣P..♣......♣...#.#......
#.P♣...P.P........#...#..
#.P♣.P.....P.♣P..##...#..
#............PP..######.)
#...P...v...P..♣## #..
#...............# #..
#....P...3.P..♣P# #..
#.♣....P.P...♣..# ####..
#....♣..........# #....[
##........P..P.## #.....
##....♣...♣..#### #.....
##.............# #.....
##............# #.....


You could see a ynoxinul.

Vanquished Creatures
  4 dread liches
  Khufu (Vaults:2)
  4 ancient liches
  2 orbs of fire
  A juggernaut (Depths:2)
  Mara (Vaults:5)
  A royal mummy (Crypt:1)
  Josephina (Zot:3)
  Parghit (Zot:3)
  Bai Suzhen (Vaults:3)
  4 Killer Klowns
  Saint Roka (Elf:2)
  A curse toe (Zot:5)
  5 caustic shrikes (Depths:4)
  Vashnia (Snake:4)
  Geryon (Hell)
  Jory (Depths:4)
  8 golden dragons
  3 bone dragons
  3 electric golems
  Nikola (Elf:2)
  2 Tzitzimimeh
  2 hellephants (Vaults:4)
  Jorgrun (Swamp:3)
  A Hell Sentinel (Depths:4)
  23 Orb Guardians
  22 tentacled monstrosities
  8 liches
  A walking crystal tome (Depths:4)
  8 quicksilver dragons
  7 sphinxes
  A deep elf master archer (Elf:3)
  3 titans
  An acid blob (Depths:4)
  7 death cobs
  4 ancient champions
  Agnes (Snake:2)
  A thorn hunter (Swamp:2)
  A tentacled starspawn (Abyss:2)
  14 storm dragons
  The ghost of dondy the Warrior, an adept GrFi of the Shining One (Snake:1)
  6 shadow dragons
  10 draconian monks
  7 tengu reavers
  4 rockslimes (Depths:4)
  5 fire giants
  6 azure jellies (Depths:4)
  4 revenants
  13 nagarajas
  The ghost of Terghogha the Warrior, a journeyman DgSh (Snake:3)
  7 draconian knights
  The ghost of Rehaemos the Destroyer, an adept OpDe of Vehumet (Snake:3)
  17 vault wardens
  Donald (Elf:2)
  10 deep elf sorcerers
  7 frost giants
  Louise (Elf:2)
  4 deep elf elementalists
  3 iron dragons
  3 ghost moths
  6 balrugs
  A curse skull (Crypt:3)
  6 orc warlords
  12 draconian stormcallers
  3 ghouls (Crypt:1)
  9 draconian scorchers
  12 ironbound preservers
  3 draconian shifters (Zot:2)
  A demonspawn blood saint (Zot:4)
  4 cacodemons
  A spriggan defender (Depths:4)
  9 draconian annihilators
  10 very ugly things
  4 quicksilver oozes (Depths:4)
  A demonspawn corrupter (Zot:4)
  12 war gargoyles
  A rockslime zombie (Crypt:1)
  5 reapers (Hell)
  3 formless jellyfish
  11 vampire knights
  9 ironbound thunderhulks
  14 stone giants
  15 green draconians
  7 deep elf demonologists
  4 eleionomae
  2 lorocyprocas
  Nessos (Orc:2)
  12 black draconians
  8 dire elephants
  6 yellow draconians
  The ghost of Foiz Zao the Brawler, a journeyman DrMo of Yredelemnul (D:15)
  3 bunyips
  9 deep elf annihilators
  11 white draconians
  11 purple draconians
  A minotaur (D:15)
  15 red draconians
  A spark wasp (Depths:2)
  11 ettins
  7 crystal guardians
  A green death (Zot:1)
  3 eidola
  13 yaktaur captains
  3 blizzard demons
  13 fire dragons
  5 jiangshi
  7 deep elf death magi
  A shambling mangrove (Swamp:4)
  14 great orbs of eyes
  5 deep elf high priests
  A spriggan zombie (Crypt:3)
  Harold (Lair:2)
  The ghost of niknal the Basher, a journeyman TrWr (D:9)
  2 fenstrider witch zombies (Crypt:2)
  3 salamander tyrants
  A hell beast (Depths:3)
  A rakshasa (D:15)
  17 hydras
  5 peacekeepers
  Erolcha (D:11)
  A ghost crab (Swamp:3)
  34 vault guards
  9 ice dragons
  A spriggan skeleton (Crypt:3)
  A hydra (shapeshifter) (Vaults:5)
  2 ogre magi
  5 spriggan air magi
  6 boulder beetles
  3 death knights (Crypt:1)
  11 alligators
  8 death yaks (Lair:5)
  A fenstrider witch skeleton (Crypt:3)
  6 ironbound frosthearts
  25 dancing weapons
  15 anacondas
  5 two-headed ogres
  2 two-headed ogres (shapeshifter)
  The ghost of AdnanSaban the Basher, a journeyman GrFi of Okawaru (D:9)
  A deep troll shaman (Depths:2)
  14 centaur warriors
  21 naga warriors
  9 vampire magi
  An Orb Guardian skeleton (Crypt:1)
  A titan zombie (Crypt:2)
  9 deep troll earth magi
  6 tengu warriors
  A demonic crawler (Hell)
  2 orc high priests (Orc:2)
  10 spriggan berserkers
  6 hell hogs
  Sonja (D:10)
  8 soul eaters
  32 hell knights
  Nergalle (Lair:2)
  18 deep elf knights
  21 sun demons
  16 naga sharpshooters
  13 spriggans
  Amaemon (D:7)
  A fire crab (shapeshifter) (D:13)
  11 shock serpents
  6 salamander mystics
  2 skysharks
  A fire crab (Swamp:4)
  36 skeletal warriors
  A storm dragon skeleton (Crypt:3)
  A spectral anaconda (Lair:5)
  6 sea snakes
  10 goliath frogs
  2 iron trolls
  A titan skeleton (Crypt:3)
  7 sixfirhies
  A shadow wraith (Crypt:1)
  2 spectral death yaks (Lair:5)
  13 naga ritualists
  2 spriggan druids (Swamp:4)
  A sea snake (shapeshifter) (Depths:4)
  16 phantasmal warriors
  44 deep trolls
  An anaconda zombie (Abyss:2)
  A bunyip zombie (Crypt:3)
  6 flayed ghosts
  5 bog bodies
  5 glowing orange brains
  14 orc knights
  An obsidian statue (Lair:5)
  9 wizards
  11 swamp dragons
  20 ironbound convokers
  2 large abominations (Abyss:2)
  A golden dragon skeleton (Crypt:3)
  18 necromancers
  3 shining eyes
  13 lindwurms
  6 deep elf archers
  2 anaconda skeletons (Hell)
  2 starcursed masses (Abyss:2)
  A mana viper (shapeshifter) (Vaults:5)
  15 mana vipers
  30 deep elf zephyrmancers
  An alligator zombie (Hell)
  6 manticores
  3 orc sorcerers (Orc:2)
  24 salamanders
  7 cyclopes
  8 oklob plants
  A wolf spider (Vaults:5)
  18 deep elf pyromancers
  47 ugly things
  A jorogumo skeleton (Crypt:2)
  A will-o-the-wisp (Swamp:1)
  A faun (shapeshifter) (Depths:2)
  10 elephants
  2 spectral shock serpents (Snake:1)
  11 fire giant skeletons
  28 naga magi
  25 moths of wrath
  42 black mambas
  A water nymph (shapeshifter) (Depths:2)
  An ice statue (Hell)
  A stone giant skeleton (Vaults:1)
  A guardian serpent (shapeshifter) (Vaults:5)
  20 vault sentinels
  2 rust devils
  A molten gargoyle (Hell)
  An eleionoma skeleton (Crypt:2)
  12 guardian serpents
  2 eyes of devastation (Depths:3)
  Maggie (D:8)
  A storm dragon simulacrum (Zot:4)
  An alligator snapping turtle zombie (Crypt:3)
  11 cane toads
  3 hellions
  9 smoke demons
  3 orange demons
  5 gargoyles
  3 centaur skeletons
  A sea snake zombie (Hell)
  2 unseen horrors (D:12)
  A yaktaur zombie (Vaults:1)
  A komodo dragon (shapeshifter) (Elf:1)
  10 komodo dragons
  3 guardian mummies (Crypt:3)
  2 efreet
  67 yaktaurs
  6 tengu conjurers
  3 rime drakes
  An alligator snapping turtle skeleton (Crypt:1)
  3 ice devils
  A golden dragon simulacrum (Zot:4)
  9 freezing wraiths
  6 red devils
  An ancient zyme (Abyss:2)
  A troll (shapeshifter) (D:14)
  A sea snake skeleton (Hell)
  4 hellwings
  A merfolk (shapeshifter) (Vaults:3)
  3 bloated husks
  A hydra zombie (Hell)
  3 polar bears
  11 trolls
  6 tyrant leeches
  A jumping spider zombie (Crypt:2)
  2 meliai (shapeshifter)
  15 hornets
  A queen bee (shapeshifter) (Depths:2)
  7 dream sheep (Lair:4)
  2 harpy skeletons (Crypt:3)
  12 blink frogs
  A fire dragon zombie (Crypt:2)
  A snapping turtle (shapeshifter) (Elf:2)
  An ettin zombie (Crypt:1)
  A spectral elephant (Lair:5)
  A draconian simulacrum (Zot:4)
  A jumping spider (shapeshifter) (Elf:3)
  12 flying skulls (Zot:3)
  An iron dragon simulacrum (Crypt:1)
  23 slime creatures
  6 shadows
  7 air elementals
  6 water elementals
  A spectral black mamba (Snake:1)
  A ynoxinul (Abyss:2)
  A spriggan (shapeshifter) (D:15)
  An ettin skeleton (Crypt:2)
  A yak (shapeshifter) (D:15)
  2 basilisks
  An ice dragon skeleton (Crypt:2)
  7 wraiths
  A salamander simulacrum (Snake:1)
  4 wyverns
  A black mamba skeleton (Crypt:3)
  24 fire elementals
  6 fire dragon skeletons (Crypt:3)
  34 yaks
  A vampire (D:9)
  4 fire bats (Depths:1)
  2 neqoxecs
  3 death yak simulacra (Lair:5)
  3 golden eyes (Depths:4)
  4 steam dragons
  20 vampire mosquitoes
  An elf skeleton (Vaults:1)
  A white draconian simulacrum (Zot:4)
  45 nagas
  13 swamp worms
  A harpy simulacrum (Crypt:1)
  3 spectral cane toads (Lair:5)
  An acid dragon (D:11)
  A merfolk zombie (Crypt:2)
  5 wargs
  A guardian serpent simulacrum (Snake:1)
  16 water moccasins
  3 hell hounds (Hell)
  Duvessa (D:7)
  5 naga skeletons
  47 orc warriors
  10 swamp drakes
  2 floating eyes
  A sky beast (shapeshifter) (D:15)
  An ice beast (D:5)
  3 elephant zombies (Lair:5)
  A demonspawn skeleton (Crypt:2)
  A black bear (D:9)
  4 ogres
  5 boggarts (Vaults:1)
  3 small abominations (Abyss:2)
  6 wolves (Lair:3)
  2 elephant skeletons (Lair:5)
  5 centaurs
  6 kobold brigands
  A human zombie (Vaults:1)
  A rime drake skeleton (Crypt:2)
  10 bullfrogs
  6 earth elementals
  A necrophage (Crypt:2)
  4 scorpions
  3 wights (D:8)
  A cane toad simulacrum (Lair:5)
  Dowan (D:7)
  16 killer bees
  3 spectral nagas (Snake:1)
  5 electric eels
  8 howler monkeys
  A lava snake (Swamp:4)
  An iron imp (Abyss:2)
  5 jellies
  2 gnoll boudas
  16 orc priests
  A hound (D:6)
  2 sleepcaps
  4 hell rats (Hell)
  20 orc wizards
  3 naga simulacra (Snake:1)
  A boggart skeleton (Crypt:1)
  A naga zombie (Crypt:2)
  8 mummies
  6 adders
  13 gnolls
  2 white imps
  An ufetubus (D:4)
  2 worms
  3 dart slugs
  90 orcs
  9 ball pythons
  9 endoplasms
  2 giant cockroaches
  6 hobgoblins
  3 quokkas
  A ball python skeleton (Crypt:1)
  4 bats
  5 frilled lizards
  3 goblins
  2 hobgoblin zombies
  26 kobolds
  An orc skeleton (Crypt:1)
  4 rats
  A lurking horror (Abyss:2)
  A starspawn tentacle (Abyss:2)
2482 creatures vanquished.

Vanquished Creatures (others)
  A golden dragon (Vaults:5)
  An Orb Guardian (Zot:5)
  A deep elf blademaster (Elf:3)
  An ancient champion (Hell)
  A draconian monk (Zot:1)
  A vault warden (Vaults:3)
  A war gargoyle (Crypt:3)
  A ghoul (Crypt:2)
  A deep elf annihilator (Elf:3)
  A red draconian (Zot:2)
  2 fire dragons
  A deep elf death mage (Elf:3)
  2 yaktaur captains
  An ice dragon (Depths:4)
  A hydra (Lair:3)
  A deep elf knight (Elf:3)
  A spriggan berserker (Depths:1)
  A skeletal warrior (Crypt:3)
  A lindwurm (Vaults:1)
  A deep elf archer (Elf:3)
  A necromancer (Crypt:2)
  2 deep elf zephyrmancers (Elf:3)
  A manticore (D:15)
  A salamander (Snake:4)
  A moth of wrath (Zot:2)
  A naga mage (Depths:1)
  2 yaktaurs
  2 tengu conjurers
  6 bloated husks
  A tyrant leech (Swamp:4)
  2 fire elementals (Zot:2)
  A water elemental (Hell)
  A steam dragon (Swamp:4)
  A vampire mosquito (Swamp:3)
  2 nagas (Snake:4)
  A swamp drake (Swamp:4)
  An orc warrior (Orc:1)
  An electric eel (Snake:2)
  An orc priest (Orc:2)
  An orc (Elf:2)
  2 foxfires (Swamp:1)
  A starspawn tentacle (Abyss:2)
55 creatures vanquished.

Grand Total: 2537 creatures vanquished

Notes
Turn   | Place    | Note
-------+----------+-------------------------------------------
     0 | D:1      | dcssisdead the Troll Shapeshifter began the quest for the
                  | Orb.
     0 | D:1      | Reached XP level 1. HP: 18/18 MP: 0/0
    81 | D:1      | Reached skill level 1 in Fighting
   129 | D:1      | Reached XP level 2. HP: 27/27 MP: 1/1
   130 | D:1      | Found a faded altar of an unknown god.
  1048 | D:2      | Reached XP level 3. HP: 33/33 MP: 2/2
  1284 | D:3      | Reached skill level 1 in Throwing
  1284 | D:3      | Reached XP level 4. HP: 32/42 MP: 3/3
  1837 | D:4      | Found a staircase to the Ecumenical Temple.
  1891 | Temple   | Entered the Ecumenical Temple
  2030 | D:4      | Reached XP level 5. HP: 49/49 MP: 4/4
  2279 | D:5      | Entered Level 5 of the Dungeon
  2285 | D:5      | Reached skill level 4 in Unarmed Combat
  2325 | D:5      | Reached XP level 6. HP: 53/59 MP: 5/5
  2415 | D:5      | Noticed an ice beast
  2422 | D:5      | Killed an ice beast
  3114 | D:6      | Reached XP level 7. HP: 67/67 MP: 6/6
  3379 | D:6      | Reached skill level 5 in Unarmed Combat
  3781 | D:7      | Found a white marble altar of Elyvilon.
  3841 | D:7      | Found a sacrificial altar of Ru.
  3845 | D:7      | Noticed Dowan
  3846 | D:7      | Noticed Duvessa
  3927 | D:7      | Killed Duvessa
  3931 | D:7      | Killed Dowan
  3932 | D:7      | Reached XP level 8. HP: 39/78 MP: 7/7
  3999 | D:7      | Reached skill level 5 in Shapeshifting
  4151 | D:7      | Reached skill level 6 in Unarmed Combat
  4233 | D:7      | Found an ornate altar of the Wu Jian Council.
  4233 | D:7      | Found a blossoming altar of Fedhas.
  4235 | D:7      | Became a worshipper of Ru the Awakened
  4237 | D:7      | Found a glowing golden altar of the Shining One.
  4237 | D:7      | Found a basalt altar of Yredelemnul.
  4239 | D:7      | Found a hide-covered altar of Uskayaw.
  4384 | D:7      | Reached skill level 5 in Fighting
  4559 | D:7      | Reached XP level 9. HP: 83/88 MP: 8/8
  5007 | D:7      | Reached skill level 7 in Unarmed Combat
  5199 | D:7      | Noticed a white ugly thing
  5212 | D:7      | Killed a white ugly thing
  5521 | D:8      | Found the +4 skin of Zhor {*Englaciate rC+++ SInv}
  5539 | D:8      | Noticed a rime drake
  5562 | D:8      | Noticed Maggie
  5574 | D:8      | Killed Maggie
  5575 | D:8      | Reached skill level 8 in Unarmed Combat
  5940 | D:8      | Gained mutation: You cannot be stealthy. [Ru sacrifice]
  5999 | D:8      | Reached XP level 10. HP: 93/98 MP: 9/9
  6042 | D:8      | Found a hazy altar of Hepliaklqana.
  6147 | D:8      | Noticed Amaemon
  6150 | D:8      | Noticed an orange demon
  6202 | D:7      | Killed Amaemon
  6203 | D:7      | Reached skill level 5 in Throwing
  6244 | D:8      | Killed an orange demon
  6791 | D:8      | Found a snail-covered altar of Cheibriados.
  6911 | D:9      | Reached skill level 9 in Unarmed Combat
  7029 | D:9      | Found a staircase to the Lair.
  7290 | D:9      | Found a staircase to the Orcish Mines.
  7391 | D:9      | Found a runed translucent gate.
  7391 | D:9      | Found a runed translucent gate.
  7391 | D:9      | Noticed niknal's ghost (journeyman TrWr)
  7391 | D:9      | Noticed AdnanSaban's ghost (journeyman GrFi)
  7392 | D:9      | Found a runed translucent gate.
  7459 | D:9      | Reached XP level 11. HP: 109/110 MP: 10/10
  7586 | D:9      | Gained mutation: You cannot study or use magical devices.
                  | [Ru sacrifice]
  7586 | D:9      | Reached * piety under Ru
  7586 | D:9      | Reached ** piety under Ru
  7586 | D:9      | Reached *** piety under Ru
  7689 | D:10     | Entered Level 10 of the Dungeon
  7812 | D:10     | Noticed Sonja
  7861 | D:9      | Noticed a two-headed ogre
  7871 | D:9      | Killed a two-headed ogre
  7931 | D:10     | Killed Sonja
  7932 | D:10     | Reached skill level 10 in Unarmed Combat
  7980 | D:10     | Noticed a centaur warrior
  8003 | D:10     | Killed a centaur warrior
  8027 | D:10     | Found the sphere of Battle
  8231 | D:10     | Noticed a two-headed ogre
  8247 | D:10     | Killed a two-headed ogre
  8421 | D:11     | Noticed a skeletal warrior
  8422 | D:11     | Noticed a skeletal warrior
  8423 | D:11     | Noticed a skeletal warrior
  8423 | D:11     | Noticed a skeletal warrior
  8457 | D:11     | Noticed Erolcha
  8464 | D:11     | Killed Erolcha
  8522 | D:11     | Found Kesys's Weapon Emporium.
  8662 | D:11     | Found Tunnurchy's Assorted Antiques.
  8665 | D:11     | Bought a dark potion for 27 gold pieces
  8665 | D:11     | Bought a scroll labelled USTRUP ESHRAFYMM for 31 gold
                  | pieces
  8665 | D:11     | Bought a murky amethyst potion for 27 gold pieces
  8665 | D:11     | Bought a murky amethyst potion for 27 gold pieces
  8692 | D:11     | Found Kecsiv's CLEARANCE SALE!.
  8784 | D:11     | Killed a skeletal warrior
  8794 | D:11     | Killed a skeletal warrior
  8795 | D:11     | Reached skill level 11 in Unarmed Combat
  8865 | D:11     | Found Utzuel's Magic Scroll Boutique.
  8876 | D:11     | Killed a skeletal warrior
  8886 | D:11     | Killed a skeletal warrior
  8887 | D:11     | Reached XP level 12. HP: 68/123 MP: 11/11
  8916 | D:11     | Bought a scroll of silence for 133 gold pieces
  8953 | D:11     | Noticed a two-headed ogre
  8957 | D:11     | Killed a two-headed ogre
  9010 | D:11     | Noticed a boulder beetle
  9039 | D:11     | Killed a boulder beetle
  9130 | D:11     | Found Uxuqyoh's Antique Weapon Shoppe.
  9256 | D:11     | Found Neuhef's Assorted Antiques.
  9263 | D:11     | Bought an inky potion for 34 gold pieces
  9263 | D:11     | Bought a scroll labelled NIKAWOPPIFI for 38 gold pieces
  9658 | D:12     | Identified the +8 spear of Pothrut {elec, Str+5 Int+2
                  | Dex-3}
  9667 | D:12     | Paralysed by a floating eye for 3 turns
  9678 | D:12     | Paralysed by a floating eye for 2 turns
  9688 | D:12     | Paralysed by a floating eye for 2 turns
  9701 | D:12     | Paralysed by a floating eye for 2 turns
  9734 | D:12     | Noticed a two-headed ogre
  9746 | D:12     | Killed a two-headed ogre
  9908 | D:12     | Reached skill level 12 in Unarmed Combat
  9991 | D:12     | Reached skill level 10 in Fighting
 10105 | D:13     | Gained mutation: You are hated by all. [Ru sacrifice]
 10141 | D:13     | Noticed a centaur warrior
 10148 | D:13     | Killed a centaur warrior
 10584 | D:13     | Found a gate to the Vaults.
 11151 | D:9      | Killed AdnanSaban's ghost
 11160 | D:9      | Killed niknal's ghost
 11170 | D:9      | Identified the +0 leather armour of Vuceyfat {Rampage rF+
                  | rCorr Dex-5}
 11289 | D:14     | Noticed an eight-headed hydra
 11306 | D:13     | Reached XP level 13. HP: 115/135 MP: 12/12
 11534 | D:14     | Got the Omnibus of the Necrotic Adder
 11625 | D:14     | Reached skill level 13 in Unarmed Combat
 12005 | D:15     | Entered Level 15 of the Dungeon
 12114 | D:15     | Noticed Foiz Zao's ghost (journeyman DrMo)
 12118 | D:15     | Noticed a minotaur
 12342 | D:14     | Found a runed translucent door.
 12346 | D:14     | Noticed a balrug
 12363 | D:14     | Killed a balrug
 12788 | D:15     | Noticed a fire dragon
 12844 | D:15     | Killed a fire dragon
 12864 | D:15     | Found a staircase to the Depths.
 12918 | D:15     | Found a runed translucent gate.
 12918 | D:15     | Found a runed translucent gate.
 12918 | D:15     | Found a runed translucent gate.
 12941 | D:15     | Reached skill level 14 in Unarmed Combat
 12953 | D:15     | Gained mutation: You are somewhat unskilled. (-1 Apt) [Ru
                  | sacrifice]
 12953 | D:15     | Reduced skill Fighting to level 10
 12953 | D:15     | Reduced skill Unarmed Combat to level 12
 12953 | D:15     | Reached **** piety under Ru
 12953 | D:15     | Reached ***** piety under Ru
 13182 | D:15     | Reached skill level 13 in Unarmed Combat
 13182 | D:15     | Reached XP level 14. HP: 140/144 MP: 13/13
 13603 | D:15     | Killed Foiz Zao's ghost
 14013 | Lair:1   | Entered Level 1 of the Lair of Beasts
 14291 | Lair:1   | Identified the amulet of Vecoghuz {RegenMP rC+ Dex+2}
 14860 | Lair:2   | Noticed Nergalle
 14870 | Lair:2   | Killed Nergalle
 15010 | Lair:2   | Found a staircase to the Swamp.
 15311 | Lair:2   | Noticed Harold
 15317 | Lair:2   | Killed Harold
 15672 | Lair:3   | Reached skill level 14 in Unarmed Combat
 15972 | Lair:3   | Found a staircase to the Snake Pit.
 16840 | Lair:5   | Entered Level 5 of the Lair of Beasts
 16878 | Lair:5   | Gained mutation: You cannot train Armour skill. [Ru
                  | sacrifice]
 16944 | Lair:5   | Reached XP level 15. HP: 144/156 MP: 14/14
 16969 | Lair:5   | Found a staircase to the Slime Pits.
 17904 | Lair:5   | Reached skill level 10 in Shapeshifting
 17985 | Lair:5   | Reached skill level 15 in Unarmed Combat
 18459 | Orc:1    | Entered Level 1 of the Orcish Mines
 18590 | Orc:2    | Entered Level 2 of the Orcish Mines
 18858 | Orc:2    | Noticed Nessos
 18865 | Orc:2    | Gained mutation: You cannot study or cast Poison magic. [Ru
                  | sacrifice]
 18865 | Orc:2    | Gained mutation: You cannot study or cast Transmutations
                  | magic. [Ru sacrifice]
 18865 | Orc:2    | Gained mutation: You cannot study or cast Conjurations
                  | magic. [Ru sacrifice]
 18865 | Orc:2    | Reached ****** piety under Ru
 18871 | Orc:2    | Killed Nessos
 19080 | Orc:2    | Found Ibacues's Jewellery Shop.
 19119 | Orc:2    | Found Puntuc's General Store.
 19135 | Orc:2    | Found Ceym Lir's Antique Armour Shop.
 19273 | Orc:2    | Found Zonocsar's Antique Weapon Shop.
 19303 | Orc:2    | Found a staircase to the Elven Halls.
 19561 | Orc:1    | Found a radiant altar of Vehumet.
 19710 | Orc:2    | Found Ibacues's Jewellery Shop.
 20311 | Orc:2    | Bought a sheer robe for 210 gold pieces
 20311 | Orc:2    | Identified the +3 robe of the Wereyak {Harm Str+5 Int+3}
                  | (You bought it in a shop on level 2 of the Orcish Mines)
 20329 | Orc:2    | Bought the ring of Qockit {rPois Int+2 Slay+4 Stlth+} for
                  | 1250 gold pieces
 20339 | Orc:2    | Bought a ring of willpower for 325 gold pieces
 20556 | Swamp:1  | Entered Level 1 of the Swamp
 20871 | Swamp:1  | Reached XP level 16. HP: 158/167 MP: 15/15
 20905 | Swamp:1  | Reached skill level 16 in Unarmed Combat
 21347 | Swamp:2  | Noticed a thorn hunter
 21416 | Swamp:2  | Killed a thorn hunter
 21417 | Swamp:2  | Reached skill level 10 in Throwing
 21603 | Swamp:2  | Learned a level 1 spell: Apportation
 21606 | Swamp:2  | Learned a level 2 spell: Lesser Beckoning
 22007 | Swamp:2  | Reached skill level 1 in Translocations
 22225 | Swamp:3  | Noticed Jorgrun
 22246 | Swamp:3  | Killed Jorgrun
 23205 | Swamp:4  | Entered Level 4 of the Swamp
 24556 | Swamp:4  | Reached skill level 17 in Unarmed Combat
 24671 | Swamp:4  | Reached XP level 17. HP: 117/178 MP: 16/16
 24861 | Swamp:4  | Got a decaying rune of Zot
 25641 | Orc:2    | Bought the macabre finger necklace {Finger+ rN+} for 520
                  | gold pieces
 25641 | Orc:2    | Found the macabre finger necklace {Finger+ rN+}
 25844 | Snake:1  | Entered Level 1 of the Snake Pit
 26323 | Snake:1  | Found a runed translucent gate.
 26323 | Snake:1  | Found a runed translucent gate.
 26323 | Snake:1  | Found a runed translucent gate.
 26329 | Snake:1  | Noticed dondy's ghost (adept GrFi)
 26739 | Snake:1  | Killed dondy's ghost
 26838 | Snake:2  | Noticed Agnes
 26848 | Snake:2  | Killed Agnes
 26964 | Snake:2  | Reached skill level 5 in Dodging
 27197 | Snake:2  | Found a glowing silver altar of Zin.
 27537 | Snake:3  | Identified the +1 quarterstaff of Understanding {freeze,
                  | rF- Int+4}
 27779 | Snake:3  | Found a runed translucent gate.
 27929 | Snake:3  | Reached skill level 18 in Unarmed Combat
 28097 | Snake:3  | Reached skill level 1 in Shields
 28306 | Snake:3  | Found a runed translucent gate.
 28306 | Snake:3  | Found a runed translucent gate.
 28307 | Snake:3  | Noticed Terghogha's ghost (journeyman DgSh)
 28309 | Snake:3  | Noticed Rehaemos's ghost (adept OpDe)
 28914 | Snake:3  | Killed Rehaemos's ghost
 28915 | Snake:3  | Reached XP level 18. HP: 150/179 MP: 17/17
 28919 | Snake:3  | Killed Terghogha's ghost
 28950 | Snake:4  | Entered Level 4 of the Snake Pit
 28950 | Snake:4  | Found Rewnuwk's Jewellery Emporium.
 29254 | Snake:4  | Reached skill level 5 in Shields
 29374 | Snake:4  | Noticed Vashnia
 29397 | Snake:4  | Killed Vashnia
 29470 | Snake:4  | Got a serpentine rune of Zot
 29574 | Snake:4  | Found Ogoqas's Magic Scroll Boutique.
 29960 | Snake:4  | Found Rewnuwk's Jewellery Emporium.
 30598 | Vaults:1 | Entered Level 1 of the Vaults
 31938 | Vaults:2 | Reached XP level 19. HP: 180/197 MP: 18/18
 32008 | Vaults:2 | Found Upyelamiz's Distillery.
 32375 | Vaults:2 | Noticed a bone dragon
 32380 | Vaults:2 | Killed a bone dragon
 32381 | Vaults:2 | Found a staircase to the Crypt.
 32440 | Vaults:2 | Reached skill level 10 in Shields
 33095 | Crypt:1  | Entered Level 1 of the Crypt
 33229 | Crypt:1  | Noticed a royal mummy
 33232 | Crypt:1  | Noticed Khufu
 33478 | Vaults:2 | Killed Khufu
 33533 | Crypt:1  | Killed a royal mummy
 34196 | Crypt:1  | Reached skill level 15 in Shapeshifting
 34470 | Crypt:2  | Reached XP level 20. HP: 200/200 MP: 19/19
 34819 | Crypt:3  | Entered Level 3 of the Crypt
 35153 | Crypt:3  | Noticed a bone dragon
 35165 | Crypt:3  | Killed a bone dragon
 35450 | Crypt:3  | Found a staircase to the Tomb.
 35496 | Crypt:3  | Noticed an ancient lich
 35498 | Crypt:3  | Killed an ancient lich
 35951 | Crypt:3  | Found an ancient bone altar of Kikubaaqudgha.
 35996 | Crypt:3  | Got Ockic's Textbook on Fateful Shades
 35998 | Crypt:3  | Identified the +6 trident of the Eternal Warrior {elec,
                  | Str+3}
 36007 | Crypt:3  | Noticed a dread lich
 36012 | Crypt:3  | Killed a dread lich
 37437 | Elf:1    | Entered Level 1 of the Elven Halls
 37437 | Elf:1    | Found a runed translucent gate.
 37437 | Elf:1    | Found a runed translucent gate.
 37437 | Elf:1    | Found a runed translucent gate.
 37437 | Elf:1    | Found a runed translucent gate.
 37437 | Elf:1    | Found a runed translucent gate.
 37437 | Elf:1    | Found a runed translucent gate.
 37438 | Elf:1    | Found a runed translucent door.
 37455 | Elf:1    | Found a runed translucent door.
 37668 | Elf:1    | Found Nosuqoh's Book Boutique.
 37709 | Elf:1    | Bought a book of Spatial Translocations for 288 gold pieces
 37713 | Elf:1    | Learned a level 2 spell: Blink
 38238 | Elf:2    | Found Hupsucoz's Magic Scroll Shoppe.
 38246 | Elf:2    | Bought a scroll of blinking for 135 gold pieces
 38297 | Elf:2    | Noticed Donald
 38313 | Elf:2    | Killed Donald
 38515 | Elf:2    | Found a huge runed translucent gate.
 38515 | Elf:2    | Found a huge runed translucent gate.
 38515 | Elf:2    | Found a huge runed translucent gate.
 38518 | Elf:2    | Found a huge runed translucent gate.
 38520 | Elf:2    | Found a huge runed translucent gate.
 38563 | Elf:2    | Noticed Saint Roka
 38575 | Elf:2    | Killed Saint Roka
 39067 | Elf:2    | Noticed Louise
 39072 | Elf:2    | Killed Louise
 39073 | Elf:2    | Reached skill level 19 in Unarmed Combat
 39134 | Elf:2    | Reached XP level 21. HP: 215/215 MP: 20/20
 39212 | Elf:2    | Noticed Nikola
 39220 | Elf:2    | Killed Nikola
 39619 | Elf:3    | Entered Level 3 of the Elven Halls
 39660 | Elf:3    | Found Doemi's Armour Shoppe.
 39669 | Elf:3    | Bought a +1 cloak of preservation for 198 gold pieces
 39807 | Elf:3    | Found the +9 sword of Zonguldrok {reap}
 39841 | Elf:3    | Identified the +0 chain mail "Duzufuxt" {Fly rPois rF++
                  | Str+3}
 39954 | Elf:3    | Reached skill level 15 in Fighting
 40050 | Elf:3    | Paralysed by an air elemental for 1 turns
 40061 | Abyss:2  | Cast into level 2 of the Abyss (a deep elf sorcerer)
 40122 | Abyss:2  | Found a corrupted altar of Lugonu.
 40127 | Abyss:2  | Found a corrupted altar of Lugonu.
 40164 | Abyss:2  | Found a corrupted altar of Lugonu.
 40239 | Abyss:2  | Gained mutation: You are frail. (-10% HP) [a cacodemon]
 40342 | Elf:3    | Escaped the Abyss
 40389 | Elf:3    | Lost mutation: You are frail. (-10% HP) [potion of
                  | mutation]
 40389 | Elf:3    | Gained mutation: You expend magic power (3 MP) to
                  | strengthen your wands. [potion of mutation]
 40389 | Elf:3    | Gained mutation: You are robust. (+10% HP) [potion of
                  | mutation]
 40389 | Elf:3    | Gained mutation: You are weak. (Str -2) [potion of
                  | mutation]
 40389 | Elf:3    | Gained mutation: You have large cloven feet. [potion of
                  | mutation]
 40458 | Elf:3    | Identified the ring "Daevotsi" {rN+ MP+9 Dex+4}
 40495 | Elf:3    | Identified the staff "Concordance" {Contam rElec rCorr
                  | Dex+8 Earth}
 40533 | Elf:3    | Identified the +1 shadow dragon scales "Hoil" {Int+4
                  | Stlth++++}
 41211 | Vaults:3 | Noticed Bai Suzhen
 41222 | Vaults:3 | Killed Bai Suzhen
 41788 | Vaults:3 | Reached XP level 22. HP: 242/242 MP: 21/21
 42603 | Vaults:4 | Found a huge runed gate.
 42603 | Vaults:4 | Found a huge runed gate.
 42603 | Vaults:4 | Found a huge runed gate.
 42603 | Vaults:4 | Found a huge runed gate.
 42603 | Vaults:4 | Found a huge runed gate.
 42603 | Vaults:4 | Found a huge runed gate.
 42604 | Vaults:4 | Found a huge runed gate.
 42604 | Vaults:4 | Found a huge runed gate.
 42604 | Vaults:4 | Found a huge runed gate.
 42604 | Vaults:4 | Found a huge runed gate.
 42604 | Vaults:4 | Found a huge runed gate.
 42680 | Vaults:4 | Noticed a dread lich
 42690 | Vaults:4 | Killed a dread lich
 42956 | Vaults:4 | Found Vesaqywo's Magic Scroll Boutique.
 42964 | Vaults:4 | Bought a scroll of blinking for 90 gold pieces
 42964 | Vaults:4 | Bought a scroll of teleportation for 36 gold pieces
 42964 | Vaults:4 | Bought a scroll of enchant armour for 90 gold pieces
 42964 | Vaults:4 | Bought a scroll of enchant armour for 90 gold pieces
 43005 | Vaults:4 | Found a huge runed gate.
 43006 | Vaults:4 | Found a huge runed gate.
 43007 | Vaults:4 | Found a huge runed gate.
 43008 | Vaults:4 | Found a huge runed gate.
 43009 | Vaults:4 | Found a huge runed gate.
 43017 | Vaults:4 | Found a huge runed gate.
 43017 | Vaults:4 | Found a huge runed gate.
 43017 | Vaults:4 | Found a huge runed gate.
 43017 | Vaults:4 | Found a huge runed gate.
 43017 | Vaults:4 | Found a huge runed gate.
 43017 | Vaults:4 | Found a huge runed gate.
 43018 | Vaults:4 | Found a huge runed gate.
 43117 | Vaults:4 | Found a huge runed gate.
 43118 | Vaults:4 | Found a huge runed gate.
 43126 | Vaults:4 | Found a huge runed gate.
 43126 | Vaults:4 | Found a huge runed gate.
 43126 | Vaults:4 | Found a huge runed gate.
 43126 | Vaults:4 | Found a huge runed gate.
 43126 | Vaults:4 | Found a huge runed gate.
 43126 | Vaults:4 | Found a huge runed gate.
 43127 | Vaults:4 | Found a huge runed gate.
 43128 | Vaults:4 | Found a huge runed gate.
 43129 | Vaults:4 | Found a huge runed gate.
 43665 | Vaults:4 | Identified the +1 robe of the Kitsune {+Blink Will+ Str+6
                  | Slay-2}
 43756 | Vaults:5 | Entered Level 5 of the Vaults
 44173 | Depths:1 | Entered Level 1 of the Depths
 44198 | Depths:1 | Reached skill level 15 in Shields
 44353 | Depths:1 | Reached XP level 23. HP: 155/240 MP: 22/22
 44483 | Depths:1 | Identified the +6 great sword of the Wheel {antimagic,
                  | Int+3}
 44716 | Depths:1 | Found a sparkling altar of Nemelex Xobeh.
 44818 | Depths:1 | Reached skill level 20 in Unarmed Combat
 44834 | Depths:1 | Found a gateway to Hell.
 45337 | Depths:1 | Paralysed by a floating eye for 3 turns
 45662 | Depths:2 | Noticed a juggernaut
 45665 | Depths:2 | Killed a juggernaut
 45751 | Depths:2 | Identified the +11 spear "Wetiuh" {drain, Int+3}
 45753 | Depths:2 | Identified the +6 scale mail of the Swan {Dex+3}
 45757 | Depths:2 | Identified the +9 arbalest of Animal Spirits {freeze, rF+}
 46382 | Depths:2 | Learned a level 3 spell: Vhi's Electric Charge
 46441 | Depths:2 | Found a one-way gate leading to the halls of Pandemonium.
 46554 | Depths:2 | Found a corrupted altar of Lugonu.
 46554 | Depths:2 | Found a one-way gate to the infinite horrors of the Abyss.
 47213 | Depths:3 | Reached skill level 1 in Air Magic
 47407 | Depths:3 | You fall into a shaft and drop 1 floor!
 47407 | Depths:4 | Entered Level 4 of the Depths
 47584 | Depths:4 | Found a gate to the Realm of Zot.
 47750 | Depths:4 | Identified the +5 quarterstaff of Descent {drain, rCorr}
 47751 | Depths:4 | Noticed a caustic shrike
 47751 | Depths:4 | Noticed a caustic shrike
 47752 | Depths:4 | Noticed a caustic shrike
 47753 | Depths:4 | Noticed a caustic shrike
 47755 | Depths:4 | Noticed a caustic shrike
 47757 | Depths:4 | Killed a caustic shrike
 47758 | Depths:4 | Killed a caustic shrike
 47763 | Depths:4 | Killed a caustic shrike
 47764 | Depths:4 | Reached XP level 24. HP: 264/264 MP: 22/22
 47822 | Depths:4 | Found Xiyl's Antique Weapon Shoppe.
 48574 | Depths:4 | Noticed Jory
 48584 | Depths:4 | Killed Jory
 49012 | Depths:3 | Found a one-way gateway to a ziggurat.
 49210 | Depths:3 | Identified the +0 pair of gloves of the True Pharaoh {Drain
                  | rF++ Str+3}
 50091 | Vaults:5 | Noticed Mara
 50102 | Vaults:5 | Noticed dcssisdead's illusion
 50104 | Vaults:5 | Killed Mara
 50416 | Vaults:5 | Identified the +1 hand axe of Mosisa {heavy, rElec Str+3}
 50430 | Vaults:5 | Noticed an ancient lich
 50440 | Vaults:5 | Killed an ancient lich
 50479 | Vaults:5 | Got a silver rune of Zot
 50683 | Vaults:5 | Noticed an ancient lich
 50688 | Vaults:5 | Killed an ancient lich
 50689 | Vaults:5 | Reached XP level 25. HP: 289/289 MP: 22/22
 50692 | Vaults:5 | Found the +3 crown of Dyrovepreva {rElec Int+2 SInv}
 50734 | Vaults:5 | Identified the +1 robe of the Curupira {rC+ Str+3}
 51192 | Vaults:5 | Found Pulidett's Weapon Shoppe.
 51351 | Vaults:5 | Found Pulidett's Weapon Shoppe.
 52212 | Hell     | Entered the Vestibule of Hell
 52212 | Hell     | Noticed Geryon
 52228 | Hell     | Killed Geryon
 52237 | Depths:2 | Gained mutation: You are partially covered in large bone
                  | plates. (SH +4) [a cacodemon]
 52668 | Hell     | Found a gateway to the ashen valley of Gehenna.
 52803 | Hell     | Found a gateway to the decaying netherworld of Tartarus.
 52893 | Hell     | Found a gateway to the freezing wastes of Cocytus.
 52974 | Hell     | Found a gateway to the Iron City of Dis.
 53157 | Zot:1    | Entered Level 1 of the Realm of Zot
 53431 | Zot:1    | Reached skill level 21 in Unarmed Combat
 54191 | Zot:1    | Found a glowing golden altar of the Shining One.
 54764 | Zot:2    | Noticed an orb of fire
 54771 | Zot:2    | Lost mutation: You are robust. (+10% HP) [an orb of fire]
 54774 | Zot:2    | Killed an orb of fire
 54856 | Zot:2    | Reached XP level 26. HP: 272/272 MP: 22/22
 57990 | Zot:3    | Noticed a dread lich
 57995 | Zot:3    | Killed a dread lich
 58011 | Zot:3    | Got Sif Muna's Dissertation on Phlogiston and Wicked Deeds
 58319 | Zot:4    | Identified the staff of Crawling {rElec rC+ Ice}
 58319 | Zot:4    | Identified the ring "Sealite" {Ice Int+5}
 58319 | Zot:4    | Noticed Josephina
 58489 | Zot:3    | Killed Josephina
 58540 | Zot:4    | Noticed Parghit
 58645 | Zot:3    | Killed Parghit
 59158 | Zot:5    | Entered Level 5 of the Realm of Zot
 60184 | Zot:5    | Noticed a dread lich
 60196 | Zot:5    | Killed a dread lich
 60197 | Zot:5    | Noticed an orb of fire
 60201 | Zot:5    | Gained mutation: You are vulnerable to heat. (rF-) [an orb
                  | of fire]
 60207 | Zot:5    | Killed an orb of fire
 60209 | Zot:5    | Reached XP level 27. HP: 291/291 MP: 22/22
 60343 | Zot:5    | Lost mutation: You are partially covered in large bone
                  | plates. (SH +4) [potion of mutation]
 60343 | Zot:5    | Lost mutation: You are vulnerable to heat. (rF-) [potion of
                  | mutation]
 60343 | Zot:5    | Gained mutation: You passively map a small area around you.
                  | [potion of mutation]
 60343 | Zot:5    | Gained mutation: You possess an exceptional clarity of
                  | mind. [potion of mutation]
 60343 | Zot:5    | Gained mutation: Armour fits poorly on your strangely
                  | shaped body. [potion of mutation]
 60343 | Zot:5    | Gained mutation: You are strong-willed. (Will+) [potion of
                  | mutation]
 60377 | Zot:5    | Noticed an ancient lich
 60388 | Zot:5    | Killed an ancient lich
 61014 | Zot:5    | Reached skill level 22 in Unarmed Combat
 61050 | Zot:5    | Got the Orb of Zot
 61061 | Zot:5    | Noticed an ancient lich
 61061 | Zot:5    | Noticed a dread lich
 61647 | D:11     | Noticed Fudwyche the pandemonium lord
 61905 | D:$      | Escaped with the Orb!

Illustrated notes

Levels and vault maps discovered:
D:1:      wander_arrival_fairy_ring, layout_basic,
          ebering_ecumenical_altar_sacrificial
D:2:      layout_loops_cross
D:3:      layout_rooms
D:4:      layout_rooms, minmay_temple_entry_tees, kennysheep_nondescript,
          kennysheep_generic_room_4
D:5:      layout_basic
D:6:      layout_rooms
D:7:      cheibrodos_fertilizer, layout_basic, minitemple, elyvilon_altar_1,
          chequers_big_river, chequers_serial_rivers_micro_b,
          minmay_small_thing, uniq_duvessa
D:8:      layout_loops_corners, general_overflow_altar, slow_altar_2,
          hellmonk_guarded_unrand_zhor, uniq_maggie, uniq_amaemon
D:9:      layout_irregular_city, due_lair_maze_entry_diamond, david_orc_4,
          gammafunk_ghost_cemetery
D:10:     layout_cave_pools, hellmonk_guarded_unrand_sphere_of_battle,
          uniq_sonja
D:11:     layout_long_grid, serial_shops, nicolae_shop_behind_doors, shop,
          shop_statue, shop, nicolae_shop_bloodbath_and_beyond,
          roderic_serpentine_path, nicolae_shop_clearance, uniq_erolcha
D:12:     layout_cross, disabler_island
D:13:     layout_grid_maze, erik_vaults_1
D:14:     dreamdust_dug_too_deep, layout_cave_pools, minmay_misc_feat_roman
D:15:     grunt_enter_depths_hoard, layout_stronghold, serial_park_gazebo
          [serial_park_minivault_5x5_8], maelrawn_ghost_gauntlet_escape,
          minmay_starry_boxes
Temple:   nicolae_temple_figure_eight
Lair:1:   layout_loops_ring, lemuel_fruit_tree, grunt_megastairs_3,
          serial_bayou_shore_b
Lair:2:   layout_loops_ring, alex1729_swamp_entry_worm_eleionoma,
          grunt_megastairs_1, uniq_harold, uniq_nergalle
Lair:3:   layout_cave_shapes, dummy_snake_entry, beast_lair_carwin_5
Lair:4:   layout_long_grid
Lair:5:   due_jungle_book, layout_misc_corridors, slime_entry_1, dpeg_oklob_1
Swamp:1:  nicolae_swamp_ascending_descending, layout_basic_swamp,
          evilmike_swamp_ruin_house_1, infiniplex_staircase_pool
Swamp:2:  layout_basic_swamp, nicolae_swamp_stair_fork, swamp_pool2,
          st_swamp_ruins_2
Swamp:3:  layout_falls_marsh, nicolae_swamp_round_clearing,
          nzn_swamp_blast_mining, uniq_jorgrun
Swamp:4:  swamp_fiery, layout_basic_swamp, swamp_pool1
Snake:1:  layout_onion_interference, gammafunk_ghost_necromancy
Snake:2:  layout_grid_shapes, basic_altar, nicolae_snake_bzzzt,
          grunt_megastairs_5, uniq_agnes
Snake:3:  layout_layer_cave, gammafunk_ghost_cemetery, grunt_ministairs_2,
          nicolae_snake_gridmaze_big_u
Snake:4:  grunt_snake_rune_serpentine_throne, layout_basic, serial_shops, shop,
          minmay_shop_star
Orc:1:    layout_caves, basic_altar
Orc:2:    grunt_orc_cross, layout_caves, uniq_nessos
Elf:1:    nicolae_elf_arrival_dilemma, layout_gridlike, serial_shops,
          nicolae_shop_tiny_waterfront, hangedman_corner_corridor
Elf:2:    elven_hall_of_blades_hangedman_alternative [grunt_blade_entry_basic],
          layout_onion_city, serial_co_window_serial, co_window_paths_a,
          co_window_cross_1, co_window_paths_a, co_window_of_opportunity_a,
          co_window_corner_a, co_window_corner_b, co_window_paths_e,
          glass_columns_c, glass_columns_c, glass_columns_b, glass_columns_a,
          serial_shops, shop, uniq_donald, uniq_saint_roka, uniq_louise,
          uniq_nikola
Elf:3:    minmay_elf_hall_golems, layout_geoelf_octagon, serial_shops,
          shop_fountains
Vaults:1: v_misc_22, nicolae_vaults_network_barrier,
          nicolae_vaults_more_shelving_1, v_misc_11, vaults_room_corners,
          nicolae_vaults_apartment_2, hangedman_vaults_hat, v_misc_22,
          nicolae_vaults_hexular_roomagon, nicolae_vaults_house_1,
          layout_vaults_omnigrid
Vaults:2: ontoclasm_vaults_twist, minmay_crypt_entry_nasty_monster,
          hangedman_vaults_variations, ontoclasm_vaults_bender,
          nicolae_vaults_network_square, nicolae_vaults_storage_closets_3,
          hangedman_vaults_nodes, nicolae_vaults_little_squares_1,
          nicolae_vaults_network_s, layout_vaults_maze_bifur, serial_shops,
          nicolae_shop_stone
Vaults:3: nicolae_vaults_puzzle_piece, nicolae_vaults_arrows,
          grunt_vaults_diagonal, nicolae_vaults_security_offices_3,
          grunt_vaults_funnel, vaults_dpeg_ring, grunt_vaults_hallway_long,
          grunt_vaults_focal, nicolae_vaults_little_squares_3,
          nicolae_vaults_storage_closets_1, hangedman_vaults_restitches,
          nicolae_vaults_little_squares_6, layout_vaults_omnicross,
          uniq_bai_suzhen
Vaults:4: v_misc_11, v_alt_pattern_1, not_door_vault_due, vaults_room_corners,
          vaults_dpeg_spiral, hangedman_vaults_trim, vaults_room_boxed,
          v_alt_pattern_3, v_misc_9, nicolae_vaults_circle_grid_b,
          hangedman_vaults_maws, nicolae_vaults_octothorpe, layout_vaults_ring,
          serial_shops, nicolae_shop_hallway_stairs
Vaults:5: serial_shops, uniq_mara
Crypt:1:  layout_chaotic_city, uniq_khufu
Crypt:2:  layout_rooms, grunt_megastairs_2
Crypt:3:  quadcrypt_mu
Depths:1: layout_basic, nemelex_spade_bored_becter, hellmouth_3, nrook_uturn,
          minmay_serpent_palace
Depths:2: minmay_the_grid_octo_2x2 [minmay_the_grid_octo_checkerflower,
          minmay_the_grid_octo_focus, minmay_the_grid_octo_checkered,
          minmay_the_grid_octo_prize_star], layout_gridlike,
          abyss_entry_flame_altar, infiniplex_staircase_squiggle, hell_entry,
          rand_demon_pan_entry_7
Depths:3: cheibrodos_salmonella, layout_basic, enter_ziggurat_e,
          nicolae_hell_entry_hellmouth_sunbeams, rand_demon_pan_entry_4,
          kennysheep_small_spiral, abyss_entry
Depths:4: evilmike_zot_entry_hall, layout_basic, special_room
          [special_room_jelly], serial_shops, shop, grunt_hell_entry_dis_grunt,
          uniq_jory
Hell
Zot:1:    nicolae_zot_draconian_monastery, layout_onion_interference
Zot:2:    lemuel_firehouse, layout_onion_interference,
          hangedman_zot_decor_checkerboard, grunt_ministairs_14
Zot:3:    layout_gridlike, drop_trap, lemuel_lich_library
Zot:4:    layout_misc_corridors, uniq_josephina, uniq_parghit
Zot:5:    layout_basic, grunt_ministairs_1

Skill      XL: |  1  2  3  4  5  6  7  8  9 10 11 12 13 14 15 16 17 18 19 20 21 22 23 24 25 26 27 |
---------------+----------------------------------------------------------------------------------+-----
Fighting       | 1 2 3 4 5 6 7 9 10 10 12 13 14 15 16 17 19 20 | 20.4
Throwing       | 1 2 3 4 5 6 7 8 9 10 11 | 11.5
Dodging        | 2 3 4 5 6 7 |  7.8
Unarmed Combat | 4 5 6 8 9 11 12 13 14 15 17 18 19 20 21 22 | 22.1
Shapeshifting  | 4 5 7 8 9 9 10 11 13 14 15 16 17 18 19 20 21 | 21.2
Translocations | 2 4 |  4.0
Shields        | 2 8 11 13 14 15 16 17 18 | 18.4
Air Magic      | 1 3 |  3.0

Action                     |  1- 3 |  4- 6 |  7- 9 | 10-12 | 13-15 | 16-18 | 19-21 | 22-24 | 25-27 || total
---------------------------+-------+-------+-------+-------+-------+-------+-------+-------+-------++-------
  Melee: Unarmed           |    84 |   102 |   209 |   513 |  1262 |  1045 |  1207 |  1306 |  1088 ||  6816
         Punch             |     2 |     3 |    15 |    10 |     1 |       |       |       |    25 ||    56
         Maw               |       |       |       |       |   191 |     3 |     8 |       |       ||   202
         Kick              |       |       |       |       |       |       |    65 |   524 |   341 ||   930
  Throw: Large rock        |       |       |     8 |     4 |    49 |    56 |     5 |       |       ||   122
         Dart              |       |       |     3 |       |       |       |       |       |       ||     3
         Boomerang         |       |       |       |     4 |     1 |    18 |    35 |    40 |     1 ||    99
         Javelin           |       |       |       |     2 |     6 |       |       |       |       ||     8
   Cast: Lesser Beckoning  |       |       |       |       |       |       |     1 |       |     4 ||     5
         Blink             |       |       |       |       |       |       |     1 |       |       ||     1
         Apportation       |       |       |       |       |       |       |       |       |     6 ||     6
 Invoke: Sacrifice Stealth |       |       |     1 |       |       |       |       |       |       ||     1
         Sacrifice Artific |       |       |       |     1 |       |       |       |       |       ||     1
         Sacrifice Love    |       |       |       |     1 |       |       |       |       |       ||     1
         Power Leap        |       |       |       |       |     3 |     1 |       |     4 |     2 ||    10
         Sacrifice Skill   |       |       |       |       |     1 |       |       |       |       ||     1
         Sacrifice Durabil |       |       |       |       |     1 |       |       |       |       ||     1
         Reject Sacrifices |       |       |       |       |     1 |       |       |       |       ||     1
         Sacrifice Arcana  |       |       |       |       |     1 |       |       |       |       ||     1
         Apocalypse        |       |       |       |       |       |     3 |     2 |     5 |     6 ||    16
Ability: Blinkbolt         |       |       |       |       |       |       |       |       |     6 ||     6
  Evoke: Wand              |       |       |     2 |     2 |       |       |       |       |       ||     4
    Use: Scroll            |       |     9 |     4 |     6 |     7 |     4 |     3 |     2 |    13 ||    48
         Potion            |       |       |     2 |       |     1 |       |     2 |       |     2 ||     7
   Stab: Sleeping          |     1 |     2 |       |       |       |       |       |       |       ||     3
         Paralysed         |       |       |       |       |    15 |    14 |     7 |    16 |    15 ||    67
         Invisible         |       |       |       |       |    12 |    10 |     8 |     9 |     8 ||    47
         Distracted        |       |       |       |       |     6 |    12 |     5 |    11 |     5 ||    39
 Armour: Animal skin       |    33 |    16 |    38 |   155 |   199 |    61 |       |       |       ||   502
         Swamp dragon scal |       |       |    10 |    29 |       |       |       |       |       ||    39
         Skin              |       |       |       |     4 |   122 |   566 |   679 |   783 |   474 ||  2628
  Dodge: Dodged            |    33 |    56 |   129 |   304 |   517 |   562 |   433 |   479 |   499 ||  3012
  Block: Kite shield       |       |       |       |       |       |   267 |   634 |       |       ||   901
         Reflection        |       |       |       |       |       |       |    17 |       |       ||    17
         Tower shield      |       |       |       |       |       |       |   192 |  1564 |  1166 ||  2922
   Form: Beast             |       |       |       |     5 |    11 |     5 |     1 |       |       ||    22
         Blade             |       |       |       |     5 |     7 |       |       |       |       ||    12
         Flux              |       |       |       |     4 |     9 |     2 |       |       |       ||    15
         Maw               |       |       |       |       |     7 |     1 |     1 |       |       ||     9
         Statue            |       |       |       |       |     4 |     3 |     3 |       |     4 ||    14
         Death             |       |       |       |       |       |       |     1 |       |     1 ||     2
         Storm             |       |       |       |       |       |       |       |       |     4 ||     4

Table legend: (Time is in decaauts)
 A = Elapsed time spent in this place.
 B = Non-inter-level travel time spent in this place.
 C = Inter-level travel time spent in this place.
 D = Time resting spent in this place.
 E = Time spent auto-exploring this place.
 F = Levels seen in this place.
 G = Mean time per level.
                   A        B        C        D        E       F      G
               +--------+--------+--------+--------+--------+-----+--------+
         Total |  76924 |  66985 |   9939 |   9176 |  37600 |  53 | 1451.4 |
       Dungeon |  15973 |  13137 |   2836 |   2040 |   7046 |  15 | 1064.9 |
        Temple |      1 |      1 |      0 |      0 |      0 |   1 |    1.0 |
          Lair |   4975 |   4304 |    671 |    276 |   2740 |   5 |  995.0 |
         Swamp |   4827 |   4617 |    210 |   1466 |   1849 |   4 | 1206.8 |
     Snake Pit |   6906 |   6483 |    423 |    308 |   4396 |   4 | 1726.5 |
  Orcish Mines |   2255 |   1635 |    620 |     35 |    913 |   2 | 1127.5 |
   Elven Halls |   4553 |   4299 |    254 |    377 |   2103 |   3 | 1517.7 |
        Vaults |  12649 |  10325 |   2324 |   1135 |   6501 |   5 | 2529.8 |
         Crypt |   4723 |   4626 |     97 |    818 |   2356 |   3 | 1574.3 |
        Depths |   9402 |   7815 |   1587 |    891 |   4758 |   4 | 2350.5 |
          Hell |    788 |    779 |      9 |     70 |    415 |   1 |  788.0 |
           Zot |   9467 |   8563 |    904 |   1687 |   4491 |   5 | 1893.4 |
         Abyss |    399 |    399 |      0 |     69 |     30 |   1 |  399.0 |
               +--------+--------+--------+--------+--------+-----+--------+

Top non-repeatable levels by time:
Vaults:5: 2971 daAuts
   Zot:5: 2772 daAuts
Depths:4: 2701 daAuts
Vaults:4: 2612 daAuts
   Zot:1: 2606 daAuts
Vaults:2: 2606 daAuts
Vaults:1: 2467 daAuts
Depths:2: 2411 daAuts
 Snake:3: 2355 daAuts
 Crypt:3: 2203 daAuts
Depths:3: 2192 daAuts
Depths:1: 2096 daAuts
   Elf:2: 2057 daAuts
 Snake:4: 2027 daAuts
Vaults:3: 1991 daAuts
